Cogmind - Beta 13 @@@ ROGUE MODE // 2024.04.06 @ 21:04:48 Player: chexo4 Result: Destroyed by B-75 Beast with Heavy Machine Gun Performance ------------- Evolutions (5) 2500 Regions Visited (11) 2200 Robots Destroyed (38) 190 Value Destroyed (944) 944 Prototype IDs (8) 160 Alien Tech Used (0) 0 Bonus (1989) 1989 TOTAL SCORE: 7983 Bonus ------- High Alert Combat Kills 54 Follower Combat Kills 1492 Entered DSFs 500 Friendly Fire -57 Cogmind --------- Core Integrity 0/1000 Matter 117/300 Energy 99/100 System Corruption 1% Temperature Cool (0) Movement Core (50) Location -5/Extension Parts ------- > --- POWER (2) -------- (None) > --- PROPULSION (6) --- (None) > --- UTILITY (6) ------ Hacking Suite > --- WEAPON (3) ------- (None) > --- INVENTORY (5) ---- Advanced Cooling System Energy Filter Improved Dynamic Insulation System Improved EM Pulse Cannon Peak State ------------ > --- POWER ------------ Micro Nuclear Core Light Fission Core > --- PROPULSION ------- Backup Propulsion III Backup Propulsion III Backup Propulsion III Backup Propulsion III > --- UTILITY ---------- Active Sensor Suite Backup Plating III Hacking Suite Authchip [Device] > --- WEAPON ----------- Backup Laser III Backup Laser III Heavy Machine Gun > --- INVENTORY -------- Backup Power III Light Nuclear Core Improved VTOL Module Improved EM Pulse Cannon [Rating: 70] Favorites ----------- Power Light Nuclear Core Engine Backup Power III Power Core Light Nuclear Core Propulsion Backup Propulsion III Leg Carbon-fiber Leg Wheel Compact Wheel Hover Unit Backup Propulsion III Flight Unit Cesium-ion Thruster Utility Backup Plating III Device Improved Terrain Scanner Storage Medium Storage Unit Processor Improved Corruption Screen Hackware Hacking Suite Protection Backup Plating III Weapon Backup Laser III Energy Gun Backup Laser III Energy Cannon Improved EM Pulse Cannon Ballistic Gun Light Assault Rifle Ballistic Cannon Light Cannon Launcher Grenade Launcher Slashing Weapon Molecular Scythe Special Melee Weapon Datajack Build | -11 -10 -10 -9 -8 -7 -7 -7 -6 -6 -5 -5 ------- Run | Yrd Mat Min Mat Mat Fac Was Fac Fac DSF Fac Ext Slots Evolved 10 | . . . 2 2 2 . . 2 . 2 . Power 1 | . . . . 1 . . . . . . . Propulsion 4 | . . . 2 . . . . . . 2 . Utility 4 | . . . . 1 1 . . 2 . . . Weapon 1 | . . . . . 1 . . . . . . Parts Attached 116 | 8 4 6 25 4 7 18 22 5 8 7 2 Power 19 | 1 . 1 5 1 1 2 1 4 2 . 1 Engine 6 | 1 . 1 3 . . . . . 1 . . Core 13 | . . . 2 1 1 2 1 4 1 . 1 Reactor . | . . . . . . . . . . . . Propulsion 41 | 2 2 3 14 . 1 3 11 . 3 2 . Treads . | . . . . . . . . . . . . Leg 2 | . . . . . 1 . 1 . . . . Wheel 11 | 2 2 3 4 . . . . . . . . Hover 9 | . . . 2 . . 1 6 . . . . Flight 19 | . . . 8 . . 2 4 . 3 2 . Utility 18 | 2 1 . 1 1 1 1 5 1 1 4 . Device 7 | 1 . . 1 . . . 2 . . 3 . Storage 2 | 1 1 . . . . . . . . . . Processor 2 | . . . . 1 . . . . . 1 . Hackware 3 | . . . . . 1 . . 1 1 . . Protection 4 | . . . . . . 1 3 . . . . Artifact . | . . . . . . . . . . . . Weapon 38 | 3 1 2 5 2 4 12 5 . 2 1 1 Energy Gun 9 | 1 . . 2 . 1 1 3 . 1 . . Energy Cannon 4 | . . . 1 . . . 2 . . 1 . Ballistic Gun 11 | 2 . 1 2 1 1 2 . . 1 . 1 Ballistic Cannon 5 | . 1 1 . . . 3 . . . . . Launcher 6 | . . . . 1 2 3 . . . . . Special Weapon . | . . . . . . . . . . . . Impact Weapon . | . . . . . . . . . . . . Slashing Weapon 1 | . . . . . . 1 . . . . . Piercing Weapon . | . . . . . . . . . . . . Special Melee Weapon 2 | . . . . . . 2 . . . . . Unidentified Prototypes 8 | . . . 3 . . 1 3 . . 1 . Corrupted Parts 2 | . . . 1 . 1 . . . . . . System Corruption 8 | . . . 4 . 4 . . . . . . Parts Lost 25 | . . 1 2 1 2 4 . . 9 1 5 Power 2 | . . . . . . 1 . . . . 1 Propulsion 12 | . . . 2 1 2 1 . . 4 . 2 Utility 5 | . . . . . . 1 . . 3 . 1 Weapon 6 | . . 1 . . . 1 . . 2 1 1 Highest Loss Streak 9 | . . 1 2 1 2 2 . . 9 1 5 To Critical Strikes . | . . . . . . . . . . . . Average Slot Usage (%) 71 | . 100 99 88 81 37 21 93 76 60 22 22 Engine 6 | . 14 14 10 . . 1 9 3 . . . Core 3 | . . . . 9 6 . 4 9 8 . 1 Wheel 5 | . 28 28 8 . . . . . . . . Hover 9 | . . . 7 . . . 25 26 18 . . Flight 7 | . . . 18 29 12 4 1 . 2 8 6 Device 4 | . 14 14 10 8 . . . 6 4 1 . Storage 5 | . 14 14 11 9 7 . . . . . . Protection 7 | . . . . . . 1 28 6 4 . . Energy Gun 7 | . 14 . 6 8 2 1 14 13 8 . . Energy Cannon 2 | . . . 2 . . . 5 6 1 3 . Ballistic Gun 4 | . 7 13 9 7 2 3 . . 2 . 1 Ballistic Cannon 2 | . 6 14 3 . . . . . . . . Naked Turns 22 | . . . . . . 22 . . . . . Heaviest Build 33 | 14 21 24 24 22 19 19 26 30 33 14 15 Greatest Support 40 | 32 32 32 40 20 15 15 32 32 32 22 22 Greatest Overweight (x) 6 | . . . 6 1 3 4 5 . 2 1 . Average Overweight (x) . | . . . . . . . . . . . . Largest Inventory Capacity 10 | 8 10 10 10 10 10 10 5 5 5 5 5 Average Capacity 7 | 7 9 10 10 10 10 5 5 5 5 5 5 Most Carried 10 | 5 9 10 10 10 10 10 5 3 5 5 5 Average Carried 6 | 2 5 9 9 9 8 4 3 2 3 2 4 Final Capacity 10 | 8 10 10 10 10 10 5 5 5 5 5 5 Final Carried 10 | 3 9 10 10 10 9 3 2 3 1 4 4 Class Distribution -------------------- 36% | Mutant 22% | Scavenger-Mutant 22% | Tank 10% | Sprinter 6% | Scout Dominant Class ---------------- Mutant | -10/Materials Scavenger-Mutant | -10/Mines Scavenger-Mutant | -9/Materials Mutant | -8/Materials Mutant | -7/Factory Mutant | -7/Waste Tank | -7/Factory Scout | -6/Factory Scout | -6/DSF Mutant | -5/Factory Sprinter | -5/Extension Resources | -11 -10 -10 -9 -8 -7 -7 -7 -6 -6 -5 -5 ----------- Run | Yrd Mat Min Mat Mat Fac Was Fac Fac DSF Fac Ext Matter Collected 1923 | 270 91 169 414 85 32 601 258 . . . 3 Remotely . | . . . . . . . . . . . . Salvage Created 2092 | 84 396 322 326 232 . 569 163 . . . . Parts 74 | 6 27 13 18 8 . . 2 . . . . Haulers Intercepted 4 | . . . 2 1 . . 1 . . . . Recyclers Shooed 6 | . 3 2 . 1 . . . . . . . Parts Field Recycled . | . . . . . . . . . . . . Retrieved Matter . | . . . . . . . . . . . . Parts Self-Destructed . | . . . . . . . . . . . . Prevented . | . . . . . . . . . . . . Kills | -11 -10 -10 -9 -8 -7 -7 -7 -6 -6 -5 -5 ------- Run | Yrd Mat Min Mat Mat Fac Was Fac Fac DSF Fac Ext Combat Hostiles Destroyed 20 | . 4 3 5 3 . 3 2 . . . . Guns 7 | . 2 1 4 . . . . . . . . Cannons 4 | . 1 2 1 . . . . . . . . AOE 7 | . 1 . . 3 . 3 . . . . . Classes Destroyed 10 | 2 2 1 3 1 . 1 . . . . . Worker 1 | . . . 1 . . . . . . . . Builder 4 | . 4 . . . . . . . . . . Tunneler 1 | 1 . . . . . . . . . . . Hauler 4 | . . . 2 1 . . 1 . . . . Recycler 8 | 1 2 3 1 1 . . . . . . . Swarmer 3 | . . . 3 . . . . . . . . Grunt 8 | . 4 1 1 2 . . . . . . . Sentry 4 | . . 2 1 . . . 1 . . . . Hunter 2 | . . . . 1 . . 1 . . . . Compactor 3 | . . . . . . 3 . . . . . Best Kill Streak 10 | 2 10 2 4 4 . 2 1 . . . . Combat Bots Only 3 | . 2 2 3 3 . 2 1 . . . . Max Kills in Single Turn 2 | 1 2 1 2 2 . 1 1 . . . . Gunslinging . | . . . . . . . . . . . . Exploded 2 | . 1 . . 2 . 1 . . . . . Melee . | . . . . . . . . . . . . Uniques/NPCs Destroyed . | . . . . . . . . . . . . Combat | -11 -10 -10 -9 -8 -7 -7 -7 -6 -6 -5 -5 -------- Run | Yrd Mat Min Mat Mat Fac Was Fac Fac DSF Fac Ext Hostile Shots Fired 368 | . 26 15 56 24 16 5 2 . 87 50 87 Missed 139 | . 9 6 13 9 11 1 . . 26 29 35 Damage Taken 4214 | . 217 133 460 236 71 299 99 . 1156 326 1217 Core 2010 | . 22 29 67 46 . 251 . . 576 98 921 Absorbed by Shields 109 | . . . . . . . . . 109 . . Regen/Repaired (Parts) 79 | . . . 15 . . 64 . . . . . Core Remaining (%) 74 | 100 . 79 83 91 . . 64 . 32 . . Volleys Fired 149 | 7 19 19 31 7 6 37 9 . 2 4 8 Largest 3 | 2 2 2 2 2 1 2 3 . 3 1 1 Hottest 149 | 60 75 75 91 65 30 50 149 . 110 98 30 Shots Fired 244 | 14 38 34 60 10 5 40 26 . 5 4 8 Gun 141 | 14 33 15 37 6 2 3 18 . 5 . 8 Cannon 59 | . 5 19 23 . . . 8 . . 4 . Launcher 44 | . . . . 4 3 37 . . . . . Special . | . . . . . . . . . . . . Kinetic 120 | 7 19 33 44 3 2 3 . . 1 . 8 Thermal 28 | . . . 2 . . . 18 . 4 4 . Explosive 44 | . . . . 4 3 37 . . . . . Electromagnetic 52 | 7 19 1 14 3 . . 8 . . . . Robot Hit Streak 8 | 3 6 7 8 6 1 5 5 . 3 2 3 Robot Miss Streak 5 | 3 2 2 5 1 1 2 2 . 1 2 2 Penetration Max . | . . . . . . . . . . . . Secondary Targets 1 | . 1 . . . . . . . . . . Max Gunslinging Chain 1 | . 1 . . . . . . . . . . Shots Hit Robots 143 | 6 23 21 34 8 1 26 13 . 3 2 6 Core Hits 78 | 3 16 10 13 10 1 17 4 . . 1 3 Critical Kills . | . . . . . . . . . . . . Critical Parts Destroyed 1 | . . . . 1 . . . . . . . Critical Strikes 2 | . . . 1 1 . . . . . . . Destroy 1 | . . . . 1 . . . . . . . Blast 1 | . . . 1 . . . . . . . . Melee Attacks 2 | . . . . . . 2 . . . . . Impact . | . . . . . . . . . . . . Slashing 2 | . . . . . . 2 . . . . . Piercing . | . . . . . . . . . . . . Sneak Attacks . | . . . . . . . . . . . . Combat Hostiles . | . . . . . . . . . . . . Follow-up Attacks . | . . . . . . . . . . . . Damage Inflicted 5571 | 73 443 330 576 359 5 3252 300 . 39 64 130 Guns 1173 | 73 236 90 360 72 5 17 151 . 39 . 130 Cannons 704 | . 70 240 216 . . . 114 . . 64 . Explosions 3595 | . 137 . . 287 . 3171 . . . . . Melee 53 | . . . . . . 53 . . . . . Ramming 46 | . . . . . . 11 35 . . . . Kinetic 1066 | 45 145 320 378 26 5 17 . . . . 130 Thermal 431 | . 137 . 40 . . . 151 . 39 64 . Explosive 3458 | . . . . 287 . 3171 . . . . . Electromagnetic 517 | 28 161 10 158 46 . . 114 . . . . Impact . | . . . . . . . . . . . . Slashing 53 | . . . . . . 53 . . . . . Piercing . | . . . . . . . . . . . . Highest Corruption 6 | . . . 6 . 4 4 4 . . . 1 Average Corruption 3 | . . . 3 . 4 4 4 . . . 1 Corruption Purged . | . . . . . . . . . . . . Corruption Blocked . | . . . . . . . . . . . . Effects 43 | . . . 7 . 7 12 17 . . . . Message Errors 8 | . . . 1 . 2 1 4 . . . . Matter Fused 11 | . . . 3 . . 5 3 . . . . Heat Flow Errors 6 | . . . 2 . . 2 2 . . . . Energy Discharges 4 | . . . . . 1 1 2 . . . . Parts Rejected 2 | . . . . . 1 1 . . . . . Data Loss (minor) 9 | . . . 1 . 2 1 5 . . . . Data Loss (major) 2 | . . . . . . 1 1 . . . . Weapon Failures 1 | . . . . . 1 . . . . . . Overload Shots . | . . . . . . . . . . . . Overflow Damage 47 | . 16 . . . . 22 . . . 9 . Projectiles 9 | . . . . . . . . . . 9 . Explosions 38 | . 16 . . . . 22 . . . . . Melee . | . . . . . . . . . . . . Knockbacks 3 | . . 2 1 . . . . . . . . Impact . | . . . . . . . . . . . . Kinetic 3 | . . 2 1 . . . . . . . . Secondary . | . . . . . . . . . . . . Self-Inflicted Damage 127 | . . . . . . 110 17 . . . . Shots 6 | . . . . . . 6 . . . . . Rammed 8 | . . . . . . 4 4 . . . . Targets Rammed 8 | . . . . . . 4 4 . . . . Kicked . | . . . . . . . . . . . . Crushed . | . . . . . . . . . . . . Highest Temperature 436 | 40 120 39 263 40 . 210 436 . . 67 2 Average Temperature 62 | 18 50 21 38 18 . 104 98 . . 33 2 Received Heat Transfer 681 | . 120 42 147 81 . 9 . . 42 18 222 Effects 1 | . . . . . . . 1 . . . . Shutdowns 1 | . . . . . . . 1 . . . . Siege Activations . | . . . . . . . . . . . . Robots Corrupted . | . . . . . . . . . . . . Combat Hostiles . | . . . . . . . . . . . . Parts Fried . | . . . . . . . . . . . . Impact Corruptions . | . . . . . . . . . . . . Robots Melted 2 | . . . . . . . 2 . . . . Combat Hostiles 2 | . . . . . . . 2 . . . . Parts Melted 8 | . 1 . . . . . 7 . . . . Heat Transferred 892 | . 200 . 74 . . . 407 . 111 100 . Parts Sabotaged . | . . . . . . . . . . . . Parts Stolen . | . . . . . . . . . . . . Parts Stripped . | . . . . . . . . . . . . Power Chain Reactions 2 | . 2 . . . . . . . . . . Alert | -11 -10 -10 -9 -8 -7 -7 -7 -6 -6 -5 -5 ------- Run | Yrd Mat Min Mat Mat Fac Was Fac Fac DSF Fac Ext Peak Influence 1328 | 10 131 137 370 265 172 106 1328 650 455 260 233 Initial 650 | . 6 51 . 130 120 13 . 650 455 136 122 Average 226 | 2 75 92 222 212 105 56 394 650 353 159 159 Maximum Alert Level 4 | . . . 1 1 . . 4 2 2 1 1 Low Security (%) 65 | 100 100 100 49 44 100 100 40 . . 81 91 Level 1 14 | . . . 50 55 . . . . 73 18 8 Level 2 13 | . . . . . . . 34 100 26 . . Level 3 5 | . . . . . . . 20 . . . . Level 4 1 | . . . . . . . 4 . . . . Level 5 . | . . . . . . . . . . . . High Security . | . . . . . . . . . . . . Max Security . | . . . . . . . . . . . . Squads Dispatched 19 | . . . 1 1 1 . 12 . 2 2 . Investigation 9 | . . . . 1 1 . 6 . . 1 . Extermination 1 | . . . . . . . 1 . . . . Reinforcement 9 | . . . 1 . . . 5 . 2 1 . Assault . | . . . . . . . . . . . . Garrison . | . . . . . . . . . . . . Intercept . | . . . . . . . . . . . . Searches Triggered . | . . . . . . . . . . . . Construction Impeded 1 | . . . . . . . 1 . . . . Haulers Reinforced 2 | . . . . . . . 1 . . 1 . Active Scanning Responses . | . . . . . . . . . . . . Cargo Convoy Interrupts 1 | . . . . . . . 1 . . . . Stealth | -11 -10 -10 -9 -8 -7 -7 -7 -6 -6 -5 -5 --------- Run | Yrd Mat Min Mat Mat Fac Was Fac Fac DSF Fac Ext Distress Signals 9 | . 2 . 5 1 . . . . . . 1 Communications Jammed . | . . . . . . . . . . . . Distress Signals . | . . . . . . . . . . . . Times Spotted 122 | . 4 4 23 6 4 6 37 . 10 14 14 Peak Tracking Total 11 | . 2 2 8 3 2 4 5 . 8 8 11 Tactical Retreats 9 | . . . 1 1 . . . . 1 4 2 Traps | -11 -10 -10 -9 -8 -7 -7 -7 -6 -6 -5 -5 ------- Run | Yrd Mat Min Mat Mat Fac Was Fac Fac DSF Fac Ext Traps Triggered 5 | . . . 1 . 1 . . . 3 . . Indirectly . | . . . . . . . . . . . . Trap Hack Attempts . | . . . . . . . . . . . . Triggered . | . . . . . . . . . . . . Disarmed . | . . . . . . . . . . . . Reprogrammed . | . . . . . . . . . . . . Reused . | . . . . . . . . . . . . Traps Extracted . | . . . . . . . . . . . . Installed . | . . . . . . . . . . . . Triggered 2 | . . . . . . . 2 . . . . Machines | -11 -10 -10 -9 -8 -7 -7 -7 -6 -6 -5 -5 ---------- Run | Yrd Mat Min Mat Mat Fac Was Fac Fac DSF Fac Ext Machines Disabled 10 | . . . . . 1 . 9 . . . . Max in Single Turn 1 | . . . . . 1 . . . . . . Machines Repaired . | . . . . . . . . . . . . Machines Dismantled . | . . . . . . . . . . . . Machines Sabotaged . | . . . . . . . . . . . . Overloaded Fab Kills . | . . . . . . . . . . . . Hacking | -11 -10 -10 -9 -8 -7 -7 -7 -6 -6 -5 -5 --------- Run | Yrd Mat Min Mat Mat Fac Was Fac Fac DSF Fac Ext Machines Accessed 19 | . 1 1 1 2 3 . 8 1 . 1 1 Terminals 12 | . 1 1 . 2 1 . 4 1 . 1 1 Fabricators 3 | . . . . . 1 . 2 . . . . Repair Stations 2 | . . . 1 . 1 . . . . . . Recycling Units . | . . . . . . . . . . . . Scanalyzers 2 | . . . . . . . 2 . . . . Garrison Access . | . . . . . . . . . . . . Total Hacks 50 | . 1 2 4 6 5 . 24 2 . 5 1 Successful 22 | . 1 1 3 3 1 . 10 1 . 1 1 Failed 28 | . . 1 1 3 4 . 14 1 . 4 . Catastrophic 3 | . . . . . . . 3 . . . . Database Lockouts . | . . . . . . . . . . . . Manual 3 | . . . . . 1 . 2 . . . . Terminals 30 | . 1 2 . 6 1 . 12 2 . 5 1 Fabricators 6 | . . . . . 1 . 5 . . . . Repair Stations 7 | . . . 4 . 3 . . . . . . Recycling Units . | . . . . . . . . . . . . Scanalyzers 7 | . . . . . . . 7 . . . . Garrison Access . | . . . . . . . . . . . . Terminal Hacks 12 | . 1 1 . 3 . . 4 1 . 1 1 Open Door 1 | . . . . . . . . . . . 1 Open DSF 2 | . . . . . . . 1 1 . . . Emergency Access Points 1 | . . . . 1 . . . . . . . Scanalyzer Index 1 | . . . . . . . 1 . . . . Alert Level 1 | . . . . . . . 1 . . . . Unreport Threat 1 | . . . . . . . 1 . . . . Zone Layout 5 | . 1 1 . 2 . . . . . 1 . Fabricator Hacks 3 | . . . . . 1 . 2 . . . . Network Status 1 | . . . . . . . 1 . . . . Load Schematic 1 | . . . . . . . 1 . . . . Build 1 | . . . . . 1 . . . . . . Repair Station Hacks 3 | . . . 3 . . . . . . . . Scan Component 2 | . . . 2 . . . . . . . . Repair 1 | . . . 1 . . . . . . . . Recycling Unit Hacks . | . . . . . . . . . . . . Scanalyzer 4 | . . . . . . . 4 . . . . Insert Component 3 | . . . . . . . 3 . . . . Analyze 1 | . . . . . . . 1 . . . . Garrison Access Hacks . | . . . . . . . . . . . . Unauthorized Hacks . | . . . . . . . . . . . . Terminals . | . . . . . . . . . . . . Fabricators . | . . . . . . . . . . . . Repair Stations . | . . . . . . . . . . . . Recycling Units . | . . . . . . . . . . . . Scanalyzers . | . . . . . . . . . . . . Garrison Access . | . . . . . . . . . . . . Data Cores Recovered . | . . . . . . . . . . . . Used . | . . . . . . . . . . . . Hacking Detections 15 | . 1 . 1 2 2 . 8 . . 1 . Full Trace Events 10 | . . . 1 1 1 . 6 . . 1 . Feedback Events . | . . . . . . . . . . . . Feedback Blocked . | . . . . . . . . . . . . Robot Schematics Acquired . | . . . . . . . . . . . . Robots Built 3 | . . . . . 3 . . . . . . Authchips 1 | . . . . . 1 . . . . . . Time 67 | . . . . . 67 . . . . . . Total Robot Build Rating 12 | . . . . . 12 . . . . . . Part Schematics Acquired 1 | . . . . . . . 1 . . . . Parts Built . | . . . . . . . . . . . . Authchips . | . . . . . . . . . . . . Time . | . . . . . . . . . . . . Total Part Build Rating . | . . . . . . . . . . . . Parts Repaired 1 | . . . 1 . . . . . . . . Time 38 | . . . 38 . . . . . . . . Parts Recycled . | . . . . . . . . . . . . Recycled Matter . | . . . . . . . . . . . . Retrieved Matter . | . . . . . . . . . . . . Retrieved Components . | . . . . . . . . . . . . Parts Scanalyzed 1 | . . . . . . . 1 . . . . Part Schematics Acquired 1 | . . . . . . . 1 . . . . Parts Damaged . | . . . . . . . . . . . . Bothacking | -11 -10 -10 -9 -8 -7 -7 -7 -6 -6 -5 -5 ------------ Run | Yrd Mat Min Mat Mat Fac Was Fac Fac DSF Fac Ext Used RIF Installer . | . . . . . . . . . . . . Robots Hacked . | . . . . . . . . . . . . Non-combat . | . . . . . . . . . . . . Combat . | . . . . . . . . . . . . Robot Hacks Applied . | . . . . . . . . . . . . Relay Couplers Released . | . . . . . . . . . . . . Fabnet Peak Effective % . | . . . . . . . . . . . . Robots Rewired . | . . . . . . . . . . . . Allies Hacked 1 | . . . . . . . 1 . . . . Hacks Repelled . | . . . . . . . . . . . . Allies | -11 -10 -10 -9 -8 -7 -7 -7 -6 -6 -5 -5 -------- Run | Yrd Mat Min Mat Mat Fac Was Fac Fac DSF Fac Ext Total Allies 28 | . . 4 . . 3 19 . . . . 2 Largest Group 19 | . . 4 3 . 3 19 16 7 7 . 2 Highest-Rated Group 475 | . . 71 40 . 60 475 414 201 201 . 56 Highest-Rated Ally 35 | . . 31 16 . 20 35 35 31 31 . 31 Total Orders . | . . . . . . . . . . . . Ally Attacks 359 | . . 4 65 . 8 70 195 . 10 . 7 Total Damage 8268 | . . 83 756 . 173 2587 4377 . 125 . 167 Kills 58 | . . . 15 . 1 5 36 . . . 1 Allies Corrupted . | . . . . . . . . . . . . Allies Melted . | . . . . . . . . . . . . Intel | -11 -10 -10 -9 -8 -7 -7 -7 -6 -6 -5 -5 ------- Run | Yrd Mat Min Mat Mat Fac Was Fac Fac DSF Fac Ext Robot Analysis Total . | . . . . . . . . . . . . Derelict Logs Recovered . | . . . . . . . . . . . . Drone Launches . | . . . . . . . . . . . . Drone Recoveries . | . . . . . . . . . . . . Exploration | -11 -10 -10 -9 -8 -7 -7 -7 -6 -6 -5 -5 ------------- Run | Yrd Mat Min Mat Mat Fac Was Fac Fac DSF Fac Ext Turns Passed 4291 | 87 184 464 775 152 498 457 1069 179 133 176 117 Spaces Moved 4406 | 56 115 395 682 204 377 560 1163 127 133 345 249 Core 414 | 12 . . 2 . . 322 7 . 1 . 70 Treads . | . . . . . . . . . . . . Legs 148 | . . . . . 130 18 . . . . . Wheels 632 | 44 115 395 78 . . . . . . . . Hover 1432 | . . . 215 . . 40 966 127 84 . . Flight 1780 | . . . 387 204 247 180 190 . 48 345 179 Fastest Speed 26 | 50 100 100 26 26 29 39 39 68 35 30 30 Average Speed 70 | 89 100 100 81 58 103 54 67 68 65 35 37 Slowest Speed 385 | 100 100 100 355 109 275 250 385 68 160 120 50 Overloaded Moves 203 | . . . . . . . . . . 113 90 Propulsion Burnouts . | . . . . . . . . . . . . Robots Hopped 14 | . . . 1 1 . . . . 1 6 5 Cave-ins Triggered . | . . . . . . . . . . . . Exploration Rate (%) 34 | 4 21 66 36 18 7 95 21 3 91 10 40 Regions Visited 11 Branch Regions 2 Pre-discovered Areas . | . . . . . . . . . . . . Known Exits Taken 2 | . . . . . . . 1 1 . . . Unknown Exits Taken 6 | 1 1 1 1 1 . . . . . 1 . Scrap Searched . | . . . . . . . . . . . . Spaces Dug 8 | . . . . . 8 . . . . . . Terrain Destroyed 164 | . . . . 16 8 138 . . . 2 . Melee . | . . . . . . . . . . . . Projectile 2 | . . . . . . . . . . 2 . AOE 162 | . . . . 16 8 138 . . . . . Terrain Rammed . | . . . . . . . . . . . . Walls Destroyed . | . . . . . . . . . . . . Machines Disabled . | . . . . . . . . . . . . Actions | -11 -10 -10 -9 -8 -7 -7 -7 -6 -6 -5 -5 --------- Run | Yrd Mat Min Mat Mat Fac Was Fac Fac DSF Fac Ext Total 5359 | 79 147 431 840 229 483 671 1440 217 172 391 259 Wait 523 | . . . 75 . 87 32 201 84 11 30 3 Move 4368 | 55 114 394 679 201 377 559 1162 126 130 332 239 Hop 14 | . . . 1 1 . . . . 1 6 5 Pick Up 70 | 9 8 6 13 5 2 5 8 2 3 7 2 Fast Attach 22 | 1 . . 7 1 . 8 4 . 1 . . Attach 54 | 6 . 1 4 1 7 9 11 1 5 7 2 Detach 27 | . . . . 2 4 5 12 . . 4 . Swap 40 | 1 4 5 14 2 . 1 7 4 2 . . Drop 66 | . 2 6 16 9 . 9 22 . 1 1 . Fire 149 | 7 19 19 31 7 6 37 9 . 2 4 8 Melee 2 | . . . . . . 2 . . . . . Ram 8 | . . . . . . 4 4 . . . . Kick . | . . . . . . . . . . . . Crush . | . . . . . . . . . . . . Escape Stasis 16 | . . . . . . . . . 16 . . Rewire . | . . . . . . . . . . . . Trap . | . . . . . . . . . . . . Miscellaneous . | . . . . . . . . . . . . Route ------- -11/Scrapyard -10/Materials (discovered 2 exits: *Min x2) -10/Mines -9/Materials -8/Materials -7/Factory -7/Waste -7/Factory -6/Factory -6/DSF -5/Factory -5/Extension History --------- Turn | Location | Event 27 | -11/Scrapyard | Discovered new exit (range 14) 88 | -11/Scrapyard | Entered Materials 117 | -10/Materials | Discovered new exit (range 20) 207 | -10/Materials | Discovered new exit (range 15) 272 | -10/Materials | Entered Mines 447 | -10/Mines | Received a Mining Laser from a helpful Derelict 598 | -10/Mines | Build established: Scavenger-Mutant 621 | -10/Mines | YI-UF0 nonchalantly dropped a Grenade Launcher on the ground 723 | -10/Mines | Assisted by bots powering up and referring to "LRC-V3" 727 | -10/Mines | Discovered new exit (range 9) 736 | -10/Mines | Entered Materials 736 | -9/Materials | Accompanied by 3 allies 736 | -9/Materials | Evolved 2 slots: Propulsion x2 802 | -9/Materials | Repaired Imp. Terrain Scanner 1507 | -9/Materials | Discovered new exit (range 16) 1511 | -9/Materials | Entered another Materials area 1511 | -8/Materials | Evolved 2 slots: Power x1, Utility x1 1661 | -8/Materials | Discovered new exit (range 4) 1663 | -8/Materials | Entered Factory 1663 | -7/Factory | Evolved 2 slots: Utility x1, Weapon x1 1749 | -7/Factory | Fabricated B-48 Gladiator (x3) 2080 | -7/Factory | Build established: Mutant 2161 | -7/Factory | Sucked down chute 2161 | -7/Factory | Entered Waste 2166 | -7/Waste | Found Prototype Slashing Weapon 2167 | -7/Waste | Identified Molecular Scythe 2189 | -7/Waste | Spotted C-40 Crusher 2189 | -7/Waste | Spotted C-40 Crusher 2195 | -7/Waste | Crushed by Compactor (1 part destroyed, 2 dropped) 2198 | -7/Waste | Crushed by Compactor (1 part destroyed, 1 dropped) 2210 | -7/Waste | 1 allies followed down the chute 2227 | -7/Waste | Spotted C-40 Crusher 2228 | -7/Waste | Spotted C-40 Crusher 2294 | -7/Waste | Destroyed C-40 Crusher 2332 | -7/Waste | Destroyed C-40 Crusher 2344 | -7/Waste | Destroyed C-40 Crusher 2365 | -7/Waste | Spotted C-40 Crusher 2424 | -7/Waste | Spotted C-40 Crusher 2474 | -7/Waste | Discovered new exit (range 11) 2479 | -7/Waste | Warlord forces began an assault 2487 | -7/Waste | Allies destroyed C-40 Crusher 2496 | -7/Waste | Allies destroyed C-40 Crusher 2527 | -7/Waste | Lost 3 allies 2618 | -7/Waste | Entered Factory 2618 | -7/Factory | Accompanied by 16 allies 2980 | -7/Factory | Build established: Tank 3409 | -7/Factory | Cargo convoy interrupted 3660 | -7/Factory | Discovered new exit (range 9) 3678 | -7/Factory | Found Prototype Device 3680 | -7/Factory | Identified Active Sensor Suite 3686 | -7/Factory | Identified exit to Factory 3687 | -7/Factory | Entered another Factory area 3687 | -6/Factory | Accompanied by 7 allies 3687 | -6/Factory | Evolved 2 slots: Utility x2 3689 | -6/Factory | Lost 3 allies 3855 | -6/Factory | Identified exit to DSF 3866 | -6/Factory | Entered DSF 3866 | -6/DSF | Accompanied by 7 allies 3898 | -6/DSF | Additional patrols routed to DSF 3979 | -6/DSF | Lost 7 allies 3983 | -6/DSF | Core integrity fell below 50% 3994 | -6/DSF | Discovered new exit (range 15) 3999 | -6/DSF | Entered Factory 3999 | -5/Factory | Evolved 2 slots: Propulsion x2 4006 | -5/Factory | Lost 9 parts (4n3u2w) 4171 | -5/Factory | Discovered new exit (range 13) 4175 | -5/Factory | Entered Extension 4273 | -5/Extension | Rescued a captive Derelict 4274 | -5/Extension | Rescued a captive Derelict 4276 | -5/Extension | Spotted B-75 Beast 4279 | -5/Extension | Spotted B-75 Beast 4282 | -5/Extension | Core integrity fell below 50% 4290 | -5/Extension | Core integrity fell below 20% 4292 | -5/Extension | Destroyed by B-75 Beast with Heavy Machine Gun Last Messages --------------- Cld. Nuclear Pulse Thruster destroyed. Slug penetrates Wall. Connecting with Door Terminal... Current location identified: Extension >>Open(Door) Sealed Heavy Doors opened. V7-AB7(l): "Free at last!" 59-JV6(g): "Free at last!" Machine disabled. Slug penetrates R-10 Processor. Penetrated by Slug. Imp. Corruption Screen destroyed. Door Terminal disabled. Acquired 3 matter. Penetrated by Slug. Slug penetrates Wall. Knocked back. Penetrated by Slug. Machine disabled. Knocked back. Map ----- +----------------------------------------------------+ | #??????????????????????????????????? | | ############# #??????????????????????????????????? | | ????????????# #??????????????????????????????????? | | ????????????# #??????????????????????????????????? | | ????????????# #??????????????????????????????????? | | ????????????# #??????????????????????????????????? | | ????????????# #??????????????????????????????????? | | ??????????### #??????????????????????????????????? | | ????????###T# #??????????????????????????????????? | | ????????# # #??????????????????????????????????? | | ????????# #??????????????????????????????????? | | ????????### #%#????????? ????????????????????????? | | ??????????### #????????? #???????????????????????? | | ????????????# #????????# #???????????????????????? | | ????????????# #????????# #???????????????????????? | | ????????????# #?######?# #???????????????????????? | | ??????????### ### ## ### ###?????????????????????? | | ??????????# " "" "" ""#?????????????????????? | | ??????????# " "Y " #?????????????????????? | | ??????????# Y #?????????????????????? | | ???????##?#% #?????????????????????? | | ########"## #############?????????? | | p ?????????? | | ????????? | | % ????????? | | % @ ????????? | | BB tk k ????????? | | ########### BB BB ###########???????????? | | ??????????# BB %#?????????????????????? | | ??????????# #?????????????????????? | | ??????????# #?????????????????????? | | ??????????# #?????????????????????? | | ??????????###;## #"""#######?????????????????????? | | ????????????# ?###???????????????????????????????? | | ????????????#????????????????????????????????????? | | | | | | | | | | | | | | | | | | | | | | | | | | | | | | | +----------------------------------------------------+ Best States ------------- Heat Dissipation 71 Energy Generation 28 Energy Capacity 315 Matter Stores 300 Matter Capacity 300 Sight Range 16 Robot Scan Range 20 Terrain Scan Range 16 Terrain Scan Density 110 Corruption Block 15 Armor Coverage 320 Evasion (%) 64 Energy Filtering 30 Offensive Hacking 10 Authchip Count 4 Item Schematics ----------------- Imp. VTOL Module | -7/Factory | Scanalyzed Robot Schematics ------------------ None Fabricated ------------ B-48 Gladiator | x3 | -7/Factory | Preloaded, Authchip Alien Tech Used ----------------- None Achievements -------------- Hey, That's Mine! My Command Is Your Wish Challenges ------------ None Game ------ Seed AlphaAssemblyDevice Manual? 0 Play Time 01:09:21 Cumulative 10.7 hours Start 2024.04.06 @ 19:57:34 End 2024.04.06 @ 21:04:48 Sessions 1 Manual Loads 0 Difficulty Rogue Special Mode None Game No. 24 Rogue 24 Adventurer 0 Explorer 0 Win Type - Total 0 Types 0/0/0/0/0/0/0/0/0 Lore% 15 Gallery% 21 Achievement% 17 Wizard Run 0 Options --------- Layout 1 ASCII 0 Keyboard 0 Movement Arrows Keybinds 0 Fullscreen 1 Font 24/Smallcaps Map View 50x35 Zoom Use 0% Tactical HUD 0 Map Filters NONE Filters NONE Steam 1 RUN: a9cf6f07-12ac-4440-a4eb-a7ee45d26799